 Dungeon Crawl Stone Soup version 0.30-a0-465-g8901f6c8b5 (webtiles) character file.

Game seed: 2636804025912806602

1945 tilp the Slasher (level 9, 0/75 HPs)
             Began as a Meteoran Fighter on Dec 18, 2022.
             Was a Believer of Okawaru.
             Slain by an orc
             ... wielding a +0 halberd
              (1 damage)
             ... in a bailey.
             The game lasted 00:11:11 (2182 turns).

tilp the Slasher (Meteoran Fighter)                 Turns: 2182, Time: 00:11:12

Health: 0/75       AC: 11    Str: 17    XL:     9   Next: 68%
Magic:  10/10      EV:  9    Int: 11    God:    Okawaru [**....]
Gold:   229        SH:  5    Dex: 18    Spells: 8/8 levels left

rFire   . . .      SeeInvis .    a - +0 long sword (chaos)
rCold   . . .      Faith    .    c - +0 buckler
rNeg    . . .      Spirit   .    r - +0 chain mail
rPois   .          Reflect  .    f - +0 helmet
rElec   .          Harm     .    (no cloak)
rCorr   .          Rampage  .    (no gloves)
Will    +....                    n - +0 pair of boots
Stlth   ..........               (no amulet)
HPRegen 0.32/turn                (no ring)
MPRegen 0.12/turn                (no ring)

@: glowing
A: sense surroundings 2, otherworldly, glowing, explore regen
a: Renounce Religion, Heroism


You were in a bailey.
You worshipped Okawaru.
Okawaru was pleased with you.
You visited 2 branches of the dungeon, and saw 11 of its levels.
You also visited: Bailey.

You collected 229 gold pieces.

Inventory:

Hand Weapons
 a - a +0 long sword of chaos (weapon)
 b - a +0 long sword
Missiles
 m - 14 poisoned darts (quivered)
 o - 3 atropa-tipped darts
Armour
 c - a +0 buckler (worn)
 f - a +0 helmet (worn)
 h - a +0 scale mail
 n - a +0 pair of boots (worn)
 r - a +0 chain mail (worn)
Jewellery
 t - a ring of wizardry
Wands
 g - a wand of polymorph (10)
 l - a wand of paralysis (9)
Scrolls
 d - a scroll of enchant weapon {unknown}
 u - a scroll of silence {unknown}
Potions
 e - 2 potions of attraction
 i - a potion of magic
 j - a potion of haste
 p - 4 potions of heal wounds
 q - a potion of might


   Skills:
 - Level 6.0 Fighting
 + Level 6.8 Long Blades
 - Level 4.0 Throwing
 - Level 4.0 Armour
 + Level 6.6 Dodging
 - Level 4.0 Stealth
 - Level 4.0 Shields
 - Level 4.0 Evocations


You had 8 spell levels left.
You didn't know any spells.
Your spell library was empty.

Dungeon Overview and Level Annotations

Branches:
Dungeon (10/15) Zot: 3758  Temple (1/1) D:5 Zot: 547  Bailey (1/1) Zot: 575
   Lair: D:8-11         Orc: D:9-12

Altars:
Cheibriados
Dithmenos
Elyvilon
Fedhas
Gozag
Hepliaklqana
Kikubaaqudgha
Makhleb
Okawaru
Qazlal
Ru
Trog
Vehumet
Wu Jian
Xom
Yredelemnul

Shops:
D:5 *

Annotations:
D:5 1 runed translucent door, Sapher's ghost, weakling DEEE


Innate Abilities, Weirdness & Mutations

You passively map the area around you.
You are easily found by Zot.
You glow in the dark.
You regain HP and MP as you explore.


Message History

The orc hits you from afar with a +0 halberd.
* * * LOW HITPOINT WARNING * * *
You slash the orc warrior!
You kill the orc warrior!
Okawaru accepts your kill. The orc hits you but does no damage.
The orc closely misses you. x2
The orc hits you but does no damage. x3
Unknown command.
Unknown command.
Unknown command.
The orc hits you from afar with a +0 spear.
* * * LOW HITPOINT WARNING * * *
Unknown command.
The orc hits you but does no damage. x2; The orc barely misses you.
The orc hits you but does no damage. x2; You block the orc's attack.
Unknown command.
You slash the orc! You burn the orc.
You kill the orc!
Okawaru accepts your kill.
The orc hits you but does no damage. x2; The orc hits you with a +0 halberd.
* * * LOW HITPOINT WARNING * * *
You block the orc's attack. The orc hits you but does no damage.
Unknown command.
You hit the orc.
The orc is poisoned.
The orc is severely wounded.
You kill the orc!
Okawaru accepts your kill. The orc hits you with a +0 hand axe.
* * * LOW HITPOINT WARNING * * *
The orc hits you but does no damage.
The orc hits you from afar with a +0 halberd!
* * * LOW HITPOINT WARNING * * *
The orc barely misses you. The orc hits you but does no damage.
You slash the orc! You freeze the orc.
You kill the orc!
Okawaru accepts your kill. The orc hits you with a +0 halberd.
* * * LOW HITPOINT WARNING * * *
The orc hits you from afar with a +0 halberd.
You die...

#######
##..∩..##
#.......#
#∩o.o..∩#
#..@)...#
#.)))...#
#oo#.#..#
#o##8##.#
#. #.# .#
#. ... .#
#. o.. ,
#..o... *
##.....


You could see 5 orcs.

Vanquished Creatures
  Maggie (D:6)
  A hornet (D:9)
  2 ice beasts (D:6)
  An orc warrior (Bailey)
  2 black bears
  An ogre (D:4)
  2 phantoms
  A kobold brigand (D:6)
  2 bullfrogs
  2 killer bees (D:8)
  4 bullfrog zombies (D:5)
  2 hounds (D:5)
  An orc priest (D:6)
  2 iguanas
  2 orc wizards (D:6)
  Robin (D:3)
  A howler monkey zombie (D:5)
  4 adders
  A white imp (D:7)
  4 ufetubi
  An adder zombie (D:5)
  A worm (D:3)
  A dart slug (D:4)
  11 orcs
  2 ball pythons (D:4)
  An endoplasm (D:3)
  2 giant cockroaches
  14 goblins
  6 hobgoblins
  3 jackals (D:3)
  3 quokkas
  2 bats
  A frilled lizard (D:1)
  16 kobolds
  A rat (D:3)
102 creatures vanquished.

Vanquished Creatures (others)
  3 fungi (D:8)
3 creatures vanquished.

Grand Total: 105 creatures vanquished

Notes
Turn   | Place    | Note
-------+----------+-------------------------------------------
     0 | D:1      | tilp the Meteoran Fighter began the quest for the Orb.
     0 | D:1      | Reached XP level 1. HP: 19/19 MP: 2/2
    99 | D:1      | Reached XP level 2. HP: 26/26 MP: 3/3
   156 | D:3      | Reached skill level 1 in Dodging
   156 | D:3      | Reached XP level 3. HP: 26/31 MP: 4/4
   238 | D:2      | Noticed Robin
   266 | D:3      | Killed Robin
   267 | D:3      | Reached XP level 4. HP: 20/39 MP: 5/5
   482 | D:5      | Entered Level 5 of the Dungeon
   614 | D:4      | Found a shadowy altar of Dithmenos.
   641 | D:4      | Noticed an ogre
   649 | D:4      | Reached skill level 1 in Stealth
   649 | D:4      | Reached XP level 5. HP: 46/46 MP: 6/6
   651 | D:4      | Killed an ogre
   652 | D:4      | Reached XP level 6. HP: 20/52 MP: 7/7
   669 | D:4      | Found a bloodstained altar of Trog.
   745 | D:5      | Found Datwi Paova's Gadget Gallery.
   993 | D:4      | Reached XP level 7. HP: 59/59 MP: 8/8
  1136 | D:5      | Reached skill level 1 in Throwing
  1182 | D:5      | Found a runed translucent door.
  1182 | D:5      | Noticed Sapher's ghost (weakling DEEE)
  1219 | D:5      | Reached skill level 1 in Evocations
  1281 | D:5      | Found a basalt altar of Yredelemnul.
  1374 | D:5      | Reached XP level 8. HP: 59/67 MP: 9/9
  1460 | D:5      | Found a staircase to the Ecumenical Temple.
  1473 | Temple   | Entered the Ecumenical Temple
  1496 | Temple   | Became a worshipper of Warmaster Okawaru
  1681 | D:6      | Noticed Maggie
  1699 | D:6      | Killed Maggie
  1699 | D:6      | Reached * piety under Okawaru
  1705 | D:6      | Reached skill level 5 in Long Blades
  1705 | D:6      | Reached skill level 5 in Dodging
  1771 | D:6      | Reached skill level 5 in Fighting
  1771 | D:6      | Gained mutation: You passively map the area around you.
                  | [Meteoran growth]
  1771 | D:6      | Reached XP level 9. HP: 36/74 MP: 10/10
  1786 | D:6      | HP: 1/74 [ice beast (13)]
  1989 | D:8      | Reached ** piety under Okawaru
  2015 | D:8      | HP: 2/74 [orc warrior/+0 flail (4)]
  2018 | D:8      | Found a snail-covered altar of Cheibriados.
  2107 | D:9      | Noticed a hornet
  2118 | D:9      | Killed a hornet
  2123 | D:10     | Entered Level 10 of the Dungeon
  2138 | D:10     | Found a flagged portal.
  2160 | Bailey   | Entered a bailey
  2182 | Bailey   | HP: 1/75 [orc/+0 halberd (3)]
  2182 | Bailey   | Slain by an orc

Illustrated notes

Levels and vault maps discovered:
D:1:      dpeg_arrival_shrine, layout_loops_corners, serial_shops,
          nicolae_shop_crystal
D:2:      layout_basic, basic_altar, uniq_robin
D:3:      layout_loops_ring
D:4:      layout_rooms, nicolae_dithmenos_the_darkroom, bloody_trog,
          minmay_goblin_kobold_house
D:5:      layout_basic, nicolae_yredelemnul_corpse_copse,
          minmay_temple_entry_fiery, hellmonk_ghost_happy_afterlife,
          nicolae_shop_gadgets
D:6:      layout_basic, mainiacjoe_overflow_cross_hatched,
          hangedman_glass_teeth, minmay_circle_x, uniq_maggie
D:7:      layout_basic, nicolae_tso_carved_into_rock, nicolae_uskayaw_en_pointe,
          zin_angel, nicolae_sif_muna_little_library
D:8:      layout_rooms, nicolae_overflow_hidden_temple,
          grunt_lair_entry_orc_guard_hut, uniq_grum
D:9:      layout_roguey, hiddenorc1_lemuel
D:10:     layout_roguey, evilmike_ruin_ashenzari, enter_bailey_4,
          hangedman_decor_opposing, uniq_erica, uniq_lodul, uniq_harold
Temple:   chequers_temple_sunken
Bailey:   bailey_polearm_5, bailey

Skill      XL: |  1  2  3  4  5  6  7  8  9 |
---------------+----------------------------+-----
Dodging        | 1 2 3 4 5 6 |  6.6
Armour         | 4 |  4.0
Shields        | 4 |  4.0
Long Blades    | 3 4 5 6 |  6.8
Stealth        | 1 2 3 4 |  4.0
Fighting       | 4 5 6 |  6.0
Throwing       | 2 4 |  4.0
Evocations     | 2 4 |  4.0

Action                   |  1- 3 |  4- 6 |  7- 9 || total
-------------------------+-------+-------+-------++-------
Melee: Long sword        |    75 |   140 |   288 ||   503
Throw: Dart              |       |       |     5 ||     5
Evoke: Wand              |       |       |     2 ||     2
  Use: Potion            |       |     1 |     5 ||     6
       Scroll            |       |       |    13 ||    13
 Stab: Paralysed         |       |       |    10 ||    10
Armor: Scale mail        |    56 |   115 |    18 ||   189
       Chain mail        |       |       |   202 ||   202
Dodge: Dodged            |    54 |    93 |   129 ||   276
Block: Buckler           |    35 |    55 |   107 ||   197

Table legend: (Time is in decaauts)
 A = Elapsed time spent in this place.
 B = Non-inter-level travel time spent in this place.
 C = Inter-level travel time spent in this place.
 D = Time resting spent in this place.
 E = Time spent auto-exploring this place.
 F = Levels seen in this place.
 G = Mean time per level.
                   A        B        C        D        E       F      G
               +--------+--------+--------+--------+--------+-----+--------+
         Total |   2317 |   2114 |    203 |      0 |      0 |  12 |  193.1 |
       Dungeon |   2241 |   2050 |    191 |      0 |      0 |  10 |  224.1 |
        Temple |     52 |     40 |     12 |      0 |      0 |   1 |   52.0 |
        Bailey |     23 |     23 |      0 |      0 |      0 |   1 |   23.0 |
               +--------+--------+--------+--------+--------+-----+--------+

Top non-repeatable levels by time:
     D:5: 578 daAuts
     D:4: 502 daAuts
     D:6: 356 daAuts
     D:3: 339 daAuts
     D:1: 126 daAuts
     D:9: 105 daAuts
     D:8: 78 daAuts
     D:2: 69 daAuts
  Temple: 52 daAuts
     D:7: 45 daAuts
    D:10: 39 daAuts
  Bailey: 23 daAuts
